Map: Abiogenesis LE

Players

Brost - Winner!

  • Race: Zerg Zerg
  • League: Platinum
  • Spawn Location: 11:00

Juxtapose

  • Race: Terran Terran
  • League: Platinum
  • Spawn Location: 5:00

VOD

https://youtu.be/dxHNd75VQUs

Description

This is the first Season I've played in which I've won my first game of said Season, and I got placed in Platinum 2; my highest League placement yet!

For this Season I also decided to go with all the default Unit and Structure skins, simply because everyone else is rocking different premium skins.

This is also my first game of the Season on one of the new maps, and this map seems quite interesting to me and one in which I can see a lot of aggression on.

Time

  • Played on: Jan. 24, 2018, 7:23 p.m.
  • Length: 9:15
Show
View Real Time Build Order
Export as new Build Order

Brost Zerg - Winner!

Build Orders: Hatch First 

Get SALT Encoding   

  12  0:01  Drone  
  13  0:12  Overlord  
  13  0:17  Drone  
  14  0:32  Drone x2  
  14  0:35  Drone  
  17  0:57  Hatchery  
  17  0:59  Drone  
  17  1:08  Drone, Extractor  
  17  1:09  Drone  
  18  1:22  Spawning Pool  
  17  1:26  Drone  
  18  1:32  Drone  
  19  1:43  Overlord  
  19  1:53  Drone  
  20  2:03  Drone  
  21  2:09  Queen  
  21  2:11  Queen  
  21  2:12  Zergling x2  
  21  2:13  Zergling x2  
  27  2:21  Drone  
  28  2:25  Metabolic Boost  
  28  2:31  Drone x2  
  30  2:41  Drone  
  31  2:50  Queen  
  33  2:57  Hatchery  
  32  3:03  Overlord  
  32  3:05  Drone  
  33  3:14  Drone x2  
  33  3:15  Drone  
  33  3:19  Overlord  
  36  3:23  Pneumatized Carapace  
  36  3:29  Overlord  
  36  3:44  Drone x5  
  36  3:45  Drone x2  
  42  3:53  Baneling Nest  
  41  3:59  Drone x2  
  41  4:01  Extractor  
  42  4:04  Extractor  
  42  4:07  Zergling x2  
  42  4:08  Zergling x10  
  47  4:15  Queen  
  47  4:16  Drone  
  47  4:17  Drone  
  51  4:21  Overlord  
  51  4:34  Zergling x14  
  51  4:35  Zergling x4  
  60  4:39  Overlord  
  60  4:54  Lair  
  60  4:55  Drone  
  60  4:56  Drone x2  
  60  4:58  Drone  
  64  5:01  Drone  
  64  5:02  Drone x5, Extractor  
  69  5:08  Baneling x6  
  69  5:09  Baneling  
  69  5:11  Overlord  
  69  5:15  Overlord  
  69  5:27  Zergling x2  
  69  5:28  Zergling x14  
  77  5:31  Baneling x4  
  77  5:53  Drone x3  
  77  5:56  Zergling x6  
  77  5:57  Zergling x6  
  86  5:59  Queen  
  79  6:13  Drone x9  
  79  6:18  Centrifical Hooks  
  88  6:19  Hydralisk Den  
  88  6:25  Evolution Chamber x2  
  85  6:26  Drone x3  
  85  6:27  Drone x3  
  85  6:31  Extractor x2  
  89  6:35  Zergling x4  
  91  6:49  Hydralisk  
  91  6:50  Hydralisk x2  
  91  6:52  Overlord x4  
  97  6:58  Zerg Missile Weapons Level 1, Zerg Ground Armor Level 1  
  97  7:05  Muscular Augments, Infestation Pit  
  97  7:08  Baneling x6  
  96  7:09  Baneling x2  
  96  7:32  Zergling x16  
  96  7:33  Zergling x14  
  111  7:39  Baneling x5  
  111  7:40  Baneling  
  111  7:47  Baneling x10  
  111  8:01  Overlord x3, Hydralisk  
  111  8:02  Hydralisk x6  
  125  8:16  Lurker Den  
  124  8:27  Hatchery  
Show
View Real Time Build Order
Export as new Build Order

Juxtapose Terran 

Build Orders:  

Get SALT Encoding   

  12  0:01  SCV  
  13  0:13  SCV  
  14  0:20  Supply Depot  
  14  0:25  SCV  
  15  0:42  SCV  
  16  0:45  Barracks  
  16  0:49  Supply Depot  
  16  0:54  SCV  
  17  1:04  Refinery  
  17  1:06  SCV  
  17  1:11  Refinery  
  18  1:18  SCV  
  19  1:35  Orbital Command  
  19  1:45  Barracks Reactor  
  19  2:04  SCV  
  20  2:10  Factory  
  20  2:14  Supply Depot  
  20  2:16  SCV  
  20  2:22  Marine x2  
  23  2:28  SCV  
  24  2:32  Engineering Bay  
  24  2:40  SCV  
  24  2:43  Marine x2  
  27  2:52  SCV  
  28  3:01  Factory Tech Lab  
  28  3:03  Marine x2  
  30  3:08  Terran Infantry Weapons Level 1  
  30  3:16  Supply Depot  
  30  3:21  Missile Turret  
  30  3:23  Marine x2  
  31  3:30  Siege Tank  
  34  3:40  Marine x2  
  36  3:41  Supply Depot  
  36  3:58  Marine x2  
  36  4:02  Siege Tank  
  41  4:15  Supply Depot  
  41  4:16  Marine x2  
  43  4:21  Starport  
  43  4:34  Marine x2, Siege Tank  
  48  4:52  Marine x2  
  50  5:02  Terran Infantry Armor Level 1  
  50  5:05  Command Center  
  50  5:07  Starport Reactor  
  50  5:09  Marine  
  50  5:10  Marine, Siege Tank  
  55  5:32  Marine x2  
  57  5:43  Siege Tank  
  57  5:48  Medivac  
  62  5:53  Marine  
  62  5:54  Supply Depot  
  63  6:05  Medivac, Marine  
  37  6:24  Medivac  
  39  6:30  Orbital Command  
  39  6:33  Marine x2  
  39  6:35  Medivac  
  43  6:48  Orbital Command  
  43  6:51  Marine x2  
  45  6:55  Siege Tank  
  48  7:10  Marine x2  
  50  7:16  Barracks  
  50  7:17  SCV x2  
  50  7:22  Liberator  
  52  7:28  Siege Tank  
  55  7:35  SCV x2  
  57  7:42  Marine x2  
  62  7:49  SCV  
  62  7:50  SCV  
  64  7:59  Barracks, Marine x2  
  64  8:03  SCV x2  
  68  8:06  Barracks Tech Lab  
  68  8:09  Siege Tank  
  71  8:15  Liberator  
  71  8:17  Marine x2  
  73  8:22  Refinery  
  73  8:25  Refinery  
Tags
 
Add a new tag
Caveats
  • Supply blocks, unpowered buildings, or Contaminate may cause inaccurate times.
  • Supply counts are checked every 10 seconds.